 Dungeon Crawl Stone Soup version 0.24-a0-307-gf989941 (webtiles) character file.

Game seed: 13795326316188882851

9 Iscandelvey the Vexing (level 2, 19/21 HPs)
             Began as a Demonspawn Arcane Marksman on May 13, 2019.
             Quit the game on level 1 of the Dungeon.
             The game lasted 00:00:08 (147 turns).

Iscandelvey the Vexing (Demonspawn Arcane Marksman)  Turns: 147, Time: 00:00:08

Health: 19/21      AC:  2    Str: 10    XL:     2   Next: 3%
Magic:  3/3        EV: 12    Int: 14    God:
Gold:   0          SH:  0    Dex: 13    Spells: 2/3 levels left

rFire    . . .     SeeInvis .   a - +0 hand crossbow
rCold    . . .     Gourm    .   (no shield)
rNeg     . . .     Faith    .   e - +0 robe
rPois    .         Spirit   .   (helmet restricted)
rElec    .         Reflect  .   (no cloak)
rCorr    .         Harm     .   (no gloves)
MR       .....                  (no boots)
Stlth    +.........             (no amulet)
HPRegen  0.07/turn              (no ring)
MPRegen  0.08/turn              (no ring)

@: no status effects
A: horns 1
a: no special abilities


You were on level 1 of the Dungeon.
You were not hungry.

You visited 1 branch of the dungeon, and saw 1 of its levels.

Inventory:

Hand Weapons
 a - a +0 hand crossbow (weapon)
Missiles
 d - 11 bolts (quivered)
Armour
 e - a +0 robe (worn)
Scrolls
 b - a scroll of fear {unknown}
 g - 2 scrolls of identify {unknown}
Potions
 c - a potion of curing {unknown}
 h - a potion of ambrosia {unknown}
Comestibles
 f - a ration


   Skills:
 + Level 1.0 Fighting
 + Level 2.0 Crossbows
 + Level 2.1 Dodging
 + Level 1.0 Spellcasting
 + Level 3.2 Hexes


You had 2 spell levels left.
You knew the following spells:

 Your Spells              Type           Power        Failure   Level  Hunger
a - Corona                Hex            #......      7%          1    ##.....

Your spell library contained the following spells:

 Spells                   Type           Power        Failure   Level  Hunger
 Slow                     Hex            #.......     11%         2    ###....
 Inner Flame              Hex/Fire       #.......     38%         3    ####...
 Portal Projectile        Hex/Tloc       #.....       38%         3    ####...
 Cause Fear               Hex            #.........   56%         4    #####..
 Leda's Liquefaction      Hex/Erth       #.........   80%         4    #####..


Dungeon Overview and Level Annotations

Branches:
Dungeon (1/15)

Altars:


Innate Abilities, Weirdness & Mutations

You have a pair of small horns on your head.


Message History

The bolt closely misses the frilled lizard.
The bolt hits the giant cockroach.
The giant cockroach is almost dead.
The frilled lizard bites you. The frilled lizard misses you.
There are monsters nearby!
Firing (i - inventory)
d - 12 bolts (quivered)
Press: ? - help, Shift-Dir - straight line, f/p - frilled lizard
Aim: a frilled lizard You shoot a bolt.
The bolt barely misses the frilled lizard.
The bolt hits the giant cockroach.
You kill the giant cockroach!
Your Crossbows skill increases to level 2!
You have reached level 2!
Your demonic ancestry asserts itself...
A pair of horns grows on your head!
The frilled lizard unfolds its giant frill.
The frilled lizard bites you but does no damage.
There are monsters nearby!
Are you sure you want to abandon this character and quit the game? (Confirm with "yes".)

. .. ... ....
...(.
....lg##########
.....Sl@†......#
##############.#
#.# #.# #.# #.#
#.# #.# #.#


You could see a goblin, a ball python and 2 frilled lizards.

Vanquished Creatures
  A leopard gecko (D:1)
  A ball python (D:1)
  A bat (D:1)
  A giant cockroach (D:1)
  A goblin (D:1)
  A hobgoblin (D:1)
6 creatures vanquished.

Notes
Turn   | Place    | Note
-------+----------+-------------------------------------------
     0 | D:1      | Iscandelvey the Demonspawn Arcane Marksman began the quest
                  | for the Orb.
     0 | D:1      | Reached XP level 1. HP: 15/15 MP: 2/2
   146 | D:1      | Gained mutation: You have a pair of small horns on your
                  | head. [demonic ancestry]
   146 | D:1      | Reached XP level 2. HP: 18/21 MP: 3/3
   147 | D:1      | Quit the game

Levels and vault maps discovered:
D:1:      minmay_arrival_widening_spiral_wide, layout_basic, ashenzari_altar_1

Skill      XL: |  1 |
---------------+----+-----
Dodging        | 2 |  2.1
Crossbows      | 2 |  2.0
Fighting       | |  1.0
Spellcasting   | |  1.0
Hexes          | |  3.2

Action                   || total
-------------------------++-------
 Fire: Hand crossbow     ||    12
Armor: Robe              ||     1
Dodge: Dodged            ||     3

Table legend:
 A = Non-vault XP
 B = Vault XP
 C = Vault XP percentage of total XP
 D = Non-vault monster count
 E = Vault monster count
 F = Vault count percentage of total count
                 A         B        C        D         E       F
            +---------+---------+-------+---------+---------+-------
      Total |      13 |       0 |   0.0 |       6 |       0 |   0.0
            +---------+---------+-------+---------+---------+-------
        D:1 |      13 |       0 |   0.0 |       6 |       0 |   0.0
            +---------+---------+-------+---------+---------+-------
